cohdb
Replays
Latest Replays
All Replays
Popular Replays
Top Player Replays
Match Explorer
How It Works
Community
CoH3 Stats
Reddit
Sign in to upload your games and track your stats! →
Sign in with Steam
Match 45947425
Unlisted
Match 45947425
Overview
Messages
Build Orders
End
Construct Infanterie Kompanie
Selects Breakthrough Battlegroup
Selects Assault Grenadiers
Grenadier Squad
Grenadier Squad
Grenadier Squad
Selects Breakthrough
Medical Station
Grenadier Squad
Grenadier Squad
Infanterie Officer Quarters
Grenadier Squad
Selects Incendiary Bombing Run
Selects Rapid Production
Construct Luftwaffe Kompanie
เคี้ยง Roblox
1146421327
Eisenshower
Wendaaa
donovan15
Ptarmigan
Field marshal Prince
Addictus Caesar
0
0
Comments
sign in to comment!
No comments posted yet!